 Dungeon Crawl Stone Soup version 0.17-a0-1533-g2f57bce (webtiles) character file.

81 orochimarko the Grave Robber (level 4, -26/30 HPs)
             Began as a Mummy Necromancer on July 16, 2015.
             Killed from afar by an adder (40 damage)
             ... with an exploding inner flame
             ... hexed by the player character
             ... on level 2 of the Dungeon.
             The game lasted 00:29:46 (2304 turns).

orochimarko the Grave Robber (Mummy Necromancer)    Turns: 2304, Time: 00:29:46

Health: -26/30     AC:  2    Str: 11    XL:     4   Next: 19%
Magic:  1/7        EV: 12    Int: 15    God:
Gold:   106        SH:  0    Dex: 12    Spells: 3 memorised, 3 levels left

rFire  x . .     SeeInvis .     o - +2 shortbow (flame)
rCold  + . .     Clarity  .     a - +0 robe
rNeg   + + +     SustAt   .     (no shield)
rPois  ∞         Gourm    .     (no helmet)
rElec  .         Spirit   .     (no cloak)
rCorr  .         Warding  .     f - -1 pair of gloves (curse)
rMut   .         Stasis   .     (no boots)
MR     .....                    (no amulet)
Stlth  ++........               (no ring)
                                (no ring)

@: not resistant to hostile enchantments, unstealthy
A: no food or potions, fire vulnerability, cold resistance 1, negative energy
resistance 3, torment resistance, unbreathing
a: no special abilities


You were on level 2 of the Dungeon.
You were not hungry.

You visited 1 branch of the dungeon, and saw 3 of its levels.

You collected 106 gold pieces.

Inventory:

Hand weapons
 l - a +2 dagger of venom
 n - a +0 hunting sling
 o - a +2 shortbow of flaming (weapon)
Missiles
 d - 34 bolts
 e - 74 stones
 h - 18 arrows (quivered)
 i - 11 sling bullets of flame
 r - 16 arrows of flame
Armour
 a - a +0 robe (worn)
 f - a cursed -1 pair of gloves (worn)
Jewellery
 m - an uncursed ring of protection from cold {unknown}
Scrolls
 c - a scroll of fog
 g - a scroll of enchant armour {unknown}
 k - a scroll of teleportation {unknown}
 p - a scroll of random uselessness {unknown}
 q - a scroll of recharging {unknown}
Books
 b - a book of Necromancy

   Spells                             Type                      Level
   a - Pain                           Necromancy                   1
   b - Animate Skeleton               Necromancy                   1
   c - Vampiric Draining              Necromancy                   3
   d - Regeneration                   Charms/Necromancy            3
   e - Animate Dead                   Necromancy                   4
   f - Control Undead                 Necromancy                   4


   Skills:
 + Level 0.2 Bows
 + Level 2.0 Dodging
 + Level 1.5 Stealth
 + Level 2.6 Spellcasting
 + Level 5.1 Necromancy


You had 3 spell levels left.
You knew the following spells:

 Your Spells              Type           Power        Failure   Level  Hunger
a - Pain                  Necr           ###.         2%          1    N/A
b - Animate Skeleton      Necr           N/A          2%          1    N/A
c - Vampiric Draining     Necr           ###.......   10%         3    N/A

Dungeon Overview and Level Annotations

Branches:
Dungeon (3/15)

Altars:
Elyvilon
Kikubaaqudgha
The Shining One


Innate Abilities, Weirdness & Mutations

You do not eat or drink.
Your flesh is vulnerable to fire.
You are immune to poison.
Your flesh is cold resistant.
You are immune to negative energy.
You are immune to unholy pain and torment.
You can survive without breathing.


Message History

Casting: Pain
Confirm with . or Enter, or press ? or * to list all spells.
Okay, then.
Casting: Pain
Confirm with . or Enter, or press ? or * to list all spells.
Aiming: Pain
Press: ? - help, Shift-Dir - straight line, f/p - adder
Aim: an adder (almost dead, inner flame, chance to defeat MR: 82%)
The adder barely resists.
The adder closely misses you. The adder closely misses you.
Casting: Pain
Confirm with . or Enter, or press ? or * to list all spells.
Aiming: Pain
Press: ? - help, Shift-Dir - straight line, f/p - adder
Aim: an adder (almost dead, inner flame, chance to defeat MR: 82%)
The adder convulses in agony!
The adder explodes!
The fiery explosion engulfs you! The fire burns you terribly!
Ouch! That really hurt!
You die...

.# #..#Z#...#.#.#### .#
#.###........# ##
#..#.#...##### #
##############.#.###.##
#
#......>....#.>..###.#
#
#.######......#......#
#.# #....#.§§.#####
####.#######.#.##.#.#
................@§#.#
##.#.#########.####.#
.....#########.####.#
....................#
####...........######
#############


There were no monsters in sight!

Vanquished Creatures
  2 adders (D:2)
  An ooze (D:2)
  A worm (D:2)
  A giant cockroach (D:3)
  3 goblins
  5 hobgoblins
  2 bats (D:1)
  5 giant newts
  9 jackals
  6 kobolds
  4 rats
39 creatures vanquished.

Vanquished Creatures (collateral kills)
  2 adders (D:2)
  A goblin (D:1)
  A jackal (D:2)
4 creatures vanquished.

Grand Total: 43 creatures vanquished

Notes
Turn   | Place    | Note
--------------------------------------------------------------
     0 | D:1      | orochimarko the Mummy Necromancer began the quest for the Orb.
     0 | D:1      | Reached XP level 1. HP: 13/13 MP: 3/3
   405 | D:1      | Reached XP level 2. HP: 19/19 MP: 3/5
   430 | D:1      | Learned a level 1 spell: Animate Skeleton
  1221 | D:2      | Reached XP level 3. HP: 24/24 MP: 0/6
  1279 | D:2      | Learned a level 3 spell: Vampiric Draining
  1315 | D:2      | Found an ancient bone altar of Kikubaaqudgha.
  1681 | D:2      | Found a white marble altar of Elyvilon.
  1767 | D:2      | Reached skill level 5 in Necromancy
  1918 | D:2      | Reached XP level 4. HP: 30/30 MP: 7/7
  2037 | D:2      | Found a glowing golden altar of the Shining One.
  2304 | D:2      | Killed from afar by an adder

Vault maps used:
D:1:      lightli_arrival_boilingwater, hangedman_decor_points
D:2:      nicolae_tso_carved_into_rock, old_standard_altar,
          lemuel_coloured_pillars_altar, kennysheep_cluttered_room
D:3:      fiery_altar_vehumet, grunt_temple_overflow_open, first_bread,
          minivault_23, uniq_natasha, uniq_crazy_yiuf_cottage

Action                   |  1- 3 |  4- 6 || total
-------------------------+-------+-------++-------
Melee: Unarmed           |    23 |       ||    23
 Fire: Shortbow          |    13 |     3 ||    16
 Cast: Pain              |    50 |    13 ||    63
       Animate Skeleton  |    10 |     3 ||    13
       Vampiric Draining |     2 |       ||     2
  Use: Scroll            |     2 |     1 ||     3
